 Dungeon Crawl Stone Soup version 0.28-a0-1412-gf95308ed99 (webtiles) character file.

Game seed: 15729972415755408685

324 Sabo the Conjurer (level 6, 0/48 HPs)
             Began as a Draconian Conjurer on Jan 6, 2022.
             Was a Priest of Dithmenos.
             Succumbed to an orc wizard's poison
             ... on level 4 of the Dungeon.
             The game lasted 00:27:23 (4543 turns).

Sabo the Conjurer (Draconian Conjurer)              Turns: 4543, Time: 00:27:23

Health: 0/48       AC:  7    Str:  9    XL:     6   Next: 23%
Magic:  8/10       EV: 12    Int: 20    God:    Dithmenos [***...]
Gold:   195        SH:  0    Dex: 10    Spells: 8/11 levels left

rFire   + . .      SeeInvis .   a - staff of conjuration
rCold   + . .      Faith    .   (no shield)
rNeg    . . .      Spirit   .   (armour unavailable)
rPois   +          Reflect  .   (helmet restricted)
rElec   +          Harm     .   d - +0 cloak
rCorr   +          Rampage  .   (no gloves)
Will    .....                   (no boots)
Stlth   ++........              (no amulet)
HPRegen 0.16/turn               (no ring)
MPRegen 0.12/turn               (no ring)

@: lethally poisoned (0 -> -20), resistant, wreathed by umbra
A: AC +6, unfitting armour, cold-blooded
a: Renounce Religion, Shadow Step


You were on level 4 of the Dungeon.
You worshipped Dithmenos.
Dithmenos was most pleased with you.
You visited 1 branch of the dungeon, and saw 4 of its levels.

You collected 195 gold pieces.

Inventory:

Hand Weapons
 l - a +0 morningstar
 p - a +0 hunting sling
Missiles
 c - 73 stones
 e - 16 poisoned darts (quivered)
 m - 30 sling bullets
Armour
 d - a +0 cloak (worn)
Magical Staves
 a - a staff of conjuration (weapon)
Jewellery
 g - an amulet of guardian spirit
Wands
 n - a wand of digging (4)
Scrolls
 f - a scroll of teleportation
 o - a scroll of vulnerability {unknown}
Potions
 h - a potion of resistance
 i - a potion of flight {unknown}
 k - a potion of lignification {unknown}


   Skills:
 + Level 1.9 Fighting
 + Level 1.7 Short Blades
 + Level 0.7(1.1) Maces & Flails
 + Level 1.0(1.2) Staves
 + Level 2.6 Dodging
 + Level 2.5 Stealth
 + Level 3.1 Spellcasting
 + Level 5.3 Conjurations


You had 8 spell levels left.
You knew the following spells:

 Your Spells              Type           Power      Damage    Failure   Level
a - Magic Dart            Conj           100%       1d8       1%          1
b - Searing Ray           Conj           72%        2d7       2%          2

Your spell library contained the following spells:

 Spells                   Type           Power      Damage    Failure   Level
 Dazzling Flash           Conj/Hex       40%        N/A       14%         3
 Fulminant Prism          Conj/Hex       10%        3d9       43%         4
 Iskenderun's Mystic Bla  Conj/Tloc      20%        2d6       43%         4


Dungeon Overview and Level Annotations

Branches:
Dungeon (4/15)
 Temple: D:4-7

Altars:
Dithmenos

Shops:
D:3 *


Innate Abilities, Weirdness & Mutations

Your plain brown scales are hard. (AC +6)
You cannot fit into any form of body armour.
You are cold-blooded and may be slowed by cold attacks.


Message History

Aim: a black bear (umbra, 100% to hit)
You feel a surge of power!
The magic dart hits something.
Something hits you but does no damage.
Casting: Magic Dart (safe; 1% risk of failure)
Confirm with . or Enter, or press ? or * to list all spells.
Aiming: Magic Dart (safe; 1% risk of failure)
Press: ? - help, Shift-Dir - straight line, f/p - black bear
Aim: a black bear (umbra, 100% to hit)
You feel a surge of power!
The magic dart hits something.
You hear some strange, mumbled words.
You are confused.
You're too confused to cast spells.
Unknown command.
Unknown command.
A magic dart appears from out of thin air!
The magic dart hits you.
* * * LOW HITPOINT WARNING * * *
You're too confused to cast spells.
Unknown command.
You bump into the rock wall.
Something hits you.
* * * LOW HITPOINT WARNING * * *
You're too confused to cast spells.
Unknown command.
You miss something.
Your tail-slap misses something.
You feel less confused. Something hits you.
* * * LOW HITPOINT WARNING * * *
You are poisoned.
You hear some strange, mumbled words.
Something tries to affect you, but you resist.
You hit something.
Your tail-slap misses something.
You feel sick. Something hits you but does no damage.
You are lethally poisoned!
You hit something.
Your tail-slap misses something.
* * * LOW HITPOINT WARNING * * *
You feel very sick. Something hits you but does no damage.
You are more poisoned.
You die...

#.# # #.# .#
#.# ..#
##.######...#
#..........)#
#..###o###.....
#..# #)# ...
#..###.# .
####@.{ho.#
#....######
#.#### #.# #.#
#.# #.# #.# #.#


You could see a black bear and an orc.

Vanquished Creatures
  A water moccasin (D:3)
  A bullfrog (D:4)
  An orc priest (D:4)
  Ijyb (D:3)
  A killer bee zombie (D:3)
  An adder (D:2)
  2 worms
  A dart slug (D:3)
  2 orcs
  6 ball pythons
  6 bats
  7 endoplasms
  14 goblins
  9 hobgoblins
  2 jackals (D:1)
  2 quokkas
  3 frilled lizards
  6 kobolds
  2 rats
68 creatures vanquished.

Notes
Turn   | Place    | Note
-------+----------+-------------------------------------------
     0 | D:1      | Sabo the Draconian Conjurer began the quest for the Orb.
     0 | D:1      | Reached XP level 1. HP: 14/14 MP: 3/3
   248 | D:1      | Found a faded altar of an unknown god.
   259 | D:1      | Prayed at the altar of an unknown god.
   259 | D:1      | Became a worshipper of Dithmenos the Shadowed
   259 | D:1      | Reached * piety under Dithmenos
   384 | D:1      | Reached XP level 2. HP: 20/20 MP: 0/5
  1119 | D:1      | Reached XP level 3. HP: 27/27 MP: 3/6
  1807 | D:2      | Reached ** piety under Dithmenos
  2374 | D:2      | Reached skill level 5 in Conjurations
  2422 | D:2      | Reached XP level 4. HP: 25/34 MP: 3/7
  2954 | D:3      | Noticed a water moccasin
  2964 | D:3      | Killed a water moccasin
  2965 | D:3      | Reached skill level 1 in Fighting
  2965 | D:3      | Reached skill level 1 in Short Blades
  2965 | D:3      | Reached XP level 5. HP: 28/40 MP: 0/9
  3380 | D:3      | Found Daibuac's Assorted Antiques.
  3380 | D:3      | Noticed Ijyb
  3404 | D:3      | Killed Ijyb
  3863 | D:3      | Identified a scroll of acquirement
  3935 | D:3      | Acquired a staff of conjuration
  4075 | D:4      | Reached XP level 6. HP: 21/48 MP: 6/10
  4476 | D:4      | Learned a level 2 spell: Searing Ray
  4518 | D:4      | Reached *** piety under Dithmenos
  4525 | D:4      | Reached skill level 1 in Staves
  4543 | D:4      | Succumbed to an orc wizard's poison

Illustrated notes

Levels and vault maps discovered:
D:1:      shiori_angband_town, layout_rooms, ebering_ecumenical_altar_ruins,
          hex_large
D:2:      cheibrodos_greedy_goblins, layout_loops_ring,
          kennysheep_generic_room_3
D:3:      layout_rooms, serial_shops, nicolae_shop_competitors_out_of_business,
          uniq_ijyb
D:4:      layout_loops_ring, amethyst_overflow_temple_binary

Skill      XL: |  1  2  3  4  5  6 |
---------------+-------------------+-----
Dodging        | 2 |  2.6
Conjurations   | 5 |  5.3
Stealth        | 2 |  2.5
Fighting       | 1 |  1.9
Short Blades   | 1 |  1.7
Spellcasting   | 3 |  3.1
Staves         | 1 |  1.0
Maces & Flails | |  0.7

Action                   |  1- 3 |  4- 6 || total
-------------------------+-------+-------++-------
Melee: Dagger            |    19 |       ||    19
       Tailslap          |     6 |     7 ||    13
       Short sword       |    23 |    21 ||    44
       Punch             |       |     2 ||     2
       Morningstar       |       |    19 ||    19
       Staff             |       |    31 ||    31
Throw: Dart              |       |     1 ||     1
 Cast: Magic Dart        |    75 |    43 ||   118
  Use: Scroll            |       |     3 ||     3
       Potion            |       |     2 ||     2
Armor: Skin              |     9 |    33 ||    42
Dodge: Dodged            |    28 |    65 ||    93

Table legend: (Time is in decaauts)
 A = Elapsed time spent in this place.
 B = Non-inter-level travel time spent in this place.
 C = Inter-level travel time spent in this place.
 D = Time resting spent in this place.
 E = Time spent auto-exploring this place.
 F = Levels seen in this place.
 G = Mean time per level.
                   A        B        C        D        E       F      G
               +--------+--------+--------+--------+--------+-----+--------+
         Total |   4560 |   4560 |      0 |   1795 |      0 |   4 | 1140.0 |
       Dungeon |   4560 |   4560 |      0 |   1795 |      0 |   4 | 1140.0 |
               +--------+--------+--------+--------+--------+-----+--------+

Top non-repeatable levels by time:
     D:1: 1402 daAuts
     D:3: 1375 daAuts
     D:2: 1200 daAuts
     D:4: 582 daAuts
